 Dungeon Crawl Stone Soup version 0.31-a0-726-g3c93526463 (webtiles) character file.

Game seed: 12404746008632699725

6440 Revguard the Fighter (level 10, -11/81 (82) HPs)
             Began as a Demonspawn Fighter on Sept 11, 2023.
             Was a High Priest of Okawaru.
             Killed by divine providence
             ... invoked by an orc priest
              (14 damage)
             ... on level 9 of the Dungeon.
             The game lasted 00:25:16 (6407 turns).

Revguard the Fighter (Demonspawn Fighter)           Turns: 6407, Time: 00:25:17

HP:   -11/81 (82)   AC: 14    Str: 26    XL:     10   Next: 67%
MP:   15/15         EV: 22    Int:  9    God:    Okawaru [*****.]
Gold: 376           SH: 19    Dex: 14    Spells: 9/9 levels left

rFire   . . .        a - +1 war axe (venom)
rCold   . . .        c - +0 buckler
rNeg    . . .        b - +0 scale mail
rPois   .            d - +0 helmet
rElec   .            j - +0 cloak
rCorr   .            (no gloves)
SInv    .            (no boots)
Will    .....        i - amulet of reflection Stlth
                     l - +5 ring of evasion
HPRegen 0.33/turn    v - +6 ring of strength
MPRegen 0.14/turn

%: reflection
@: agile, about to teleport, studying Axes, lightly drained
A: large bone plates 1, icemail 1, powered by pain 2, condensation shield,
demonic touch 2
a: Renounce Religion, Heroism, Finesse, Duel


You were on level 9 of the Dungeon.
You worshipped Okawaru.
Okawaru was extremely pleased with you.
You visited 2 branches of the dungeon, and saw 10 of its levels.

You collected 376 gold pieces.

Inventory:

Hand Weapons
 a - a +1 war axe of venom (weapon)
 B - a +0 war axe of electrocution
Missiles
 r - 3 throwing nets
Armour
 b - a +0 scale mail (worn)
 c - a +0 buckler (worn)
 d - a +0 helmet (worn)
 j - a +0 cloak (worn)
Jewellery
 i - an amulet of reflection (around neck)
 l - a +5 ring of evasion (left hand)
 s - a ring of magical power
 v - a +6 ring of strength (right hand)
 w - a ring of protection from cold
Wands
 f - a wand of mindburst (2)
 q - a wand of light (7)
 t - a wand of flame (27) (quivered)
Scrolls
 h - 5 scrolls of teleportation
 m - 2 scrolls of revelation
 n - a scroll of torment
 o - 3 scrolls of noise
 u - a scroll of fog
 y - 2 scrolls of vulnerability
 z - a scroll of poison
Potions
 e - 3 potions of magic
 g - a potion of brilliance
 k - a potion of cancellation
 p - 4 potions of curing
 A - a potion of attraction
 C - a potion of mutation {unknown}
 D - a potion of resistance {unknown}


   Skills:
 * Level 8.4 Fighting
 + Level 6.8 Axes
 + Level 5.6 Armour
 + Level 4.8 Dodging
 * Level 7.5 Shields
 + Level 6.7 Invocations
 + Level 5.1 Evocations


You had 9 spell levels left.
You didn't know any spells.
Your spell library contained the following spells:

 Spells                   Type           Power      Damage    Failure   Level
 Apportation              Tloc           0%         N/A       71%         1
 Blink                    Tloc           0%         N/A       83%         2
 Mephitic Cloud           Conj/Pois/Air  0%         N/A       97%         3
 Volatile Blastmotes      Fire/Tloc      0%         2d10      97%         3
 Fulminant Prism          Conj/Hex       0%         3d5       100%        4
 Iskenderun's Mystic Bla  Conj/Tloc      0%         2d3       100%        4


Dungeon Overview and Level Annotations

Branches:
Dungeon (9/15)             Temple (1/1) D:5             Orc (0/2) D:9
   Lair: D:8-11

Altars:
Ashenzari
Cheibriados
Dithmenos
Gozag
Hepliaklqana
Kikubaaqudgha
Nemelex Xobeh
Okawaru
Qazlal
Sif Muna
Trog
Uskayaw
Vehumet
Wu Jian
Xom
Yredelemnul

Shops:
D:3 =


Innate Abilities, Weirdness & Mutations

You are partially covered in large bone plates. (SH +4)
A meltable icy envelope protects you from harm. (AC +4)
You sometimes gain power by taking damage.
A meltable shield of frost defends you. (SH +4)
Your touch may inflict irresistible damage on your foes.


Message History

You hit the warg.
The warg looks as sick as possible!
The warg is heavily wounded.
You closely miss the wight. You barely miss the orc.
The warg completely misses you. x2; You block the wight's attack. x2
The orc closely misses you.
Unknown command.
You slash the warg!
The warg is almost dead.
You hit the wight but do no damage. You barely miss the orc.
You block the warg's attack. The wight misses you. x2
You block the orc's attack.
Unknown command.
You barely miss the warg.
The warg is almost dead.
You slash the orc!
You kill the orc!
Okawaru accepts your kill.
You hit the wight. You closely miss the orc.
Your surroundings suddenly seem different. 5 yaks, an orc warrior, an orc wizard and 2 orcs come into view.
Found a robe.
Found a stone staircase leading down.
The yak bellows! x5; The orc warrior shouts!
The orc shouts!
You open the door.
An orc comes into view.
It is wielding a +0 hand axe of freezing.
The orc shouts!
An orc comes into view. It is wielding a +0 hand axe.
The orc moves out of view.
An orc priest comes into view. It is wielding a +0 dagger.
The orc priest shouts!
The orc priest calls down the wrath of Beogh upon you.
Beogh smites you!
* * * LOW HITPOINT WARNING * * *
You hear a shout!
There is an open door here.
As you read the scroll of teleportation, it crumbles to dust.
You feel strangely unstable. The orc hits you but does no damage.
A yak comes into view.
The orc priest mumbles some strange prayers to Beogh against you.
Beogh smites you!
You die...

...... ......
..# .. ......
..##.. ......
...... ......
#####.....
......
##.#.....#
..[..#
#####..#.....##.
.....
#.o....@ooY.....
o...o.##........
##... #...YY..[
#.. ...oo....
#.. .....Y....
#. .......Y.Y. #
..##..^.#... ...
######>.. ... ##


You could see 6 yaks, an orc warrior, an orc priest, an orc wizard and 4 orcs.

Vanquished Creatures
  A deep elf zephyrmancer (D:7)
  A manticore (Arena)
  A troll (D:6)
  Prince Ribbit (D:5)
  Sigmund (D:3)
  10 yaks
  Menkaure (D:6)
  A warg (D:9)
  2 water moccasins
  2 ice beasts
  An orc warrior (D:7)
  2 black bears
  5 centaurs
  4 phantoms
  2 gnoll sergeants
  A kobold brigand (D:8)
  4 bullfrogs
  A wyvern zombie (D:8)
  2 scorpions
  5 wights (D:8)
  5 killer bees (D:9)
  3 orc priests
  4 hounds
  Crazy Yiuf (D:2)
  Ijyb (D:5)
  5 iguanas
  2 sleepcaps (D:6)
  7 orc wizards
  A killer bee zombie (D:8)
  Robin (D:2)
  13 gnolls
  5 adders
  3 white imps
  A worm (D:2)
  A dart slug (D:1)
  32 orcs
  2 bats
  6 endoplasms
  3 giant cockroaches
  10 hobgoblins
  15 jackals
  5 quokkas
  3 ball pythons
  5 frilled lizards
  15 goblins
  12 kobolds
  5 rats
214 creatures vanquished.

Vanquished Creatures (others)
  An orc wizard (D:7)
  A goblin (D:9)
2 creatures vanquished.

Grand Total: 216 creatures vanquished

Notes
Turn   | Place    | Note
-------+----------+-------------------------------------------
     0 | D:1      | Revguard the Demonspawn Fighter began the quest for the
                  | Orb.
     0 | D:1      | Reached XP level 1. HP: 18/18 MP: 1/1
    66 | D:1      | Gained mutation: A meltable shield of frost defends you.
                  | (SH +4) [demonic ancestry]
    66 | D:1      | Reached XP level 2. HP: 23/24 MP: 2/2
   278 | D:1      | Gained mutation: You sometimes gain a little power by
                  | taking damage. [demonic ancestry]
   278 | D:1      | Reached XP level 3. HP: 28/29 MP: 3/3
   539 | D:2      | Reached skill level 1 in Invocations
   565 | D:2      | Got the Atlas of Fog and Relocation
   657 | D:2      | Noticed Robin
   668 | D:2      | Killed Robin
   669 | D:2      | Reached XP level 4. HP: 35/35 MP: 4/4
   870 | D:2      | Reached skill level 1 in Dodging
  1149 | D:2      | Found a runed translucent door.
  1150 | D:2      | Noticed Crazy Yiuf
  1710 | D:3      | Noticed Sigmund
  2048 | D:3      | Killed Sigmund
  2049 | D:3      | Reached skill level 4 in Fighting
  2049 | D:3      | Reached skill level 1 in Evocations
  2049 | D:3      | Gained mutation: Your touch may inflict minor irresistible
                  | damage on your foes. [demonic ancestry]
  2049 | D:3      | Reached XP level 5. HP: 19/42 MP: 4/6
  2049 | D:3      | Gained mutation: Your touch may inflict irresistible damage
                  | on your foes. [demonic ancestry]
  2049 | D:3      | Reached XP level 6. HP: 22/48 MP: 4/7
  2179 | D:3      | Found Ociwecit's Jewellery Shoppe.
  2706 | D:4      | Found an iron altar of Okawaru.
  2723 | D:4      | Became a worshipper of Warmaster Okawaru
  2897 | D:4      | Found an ornate altar of the Wu Jian Council.
  3203 | D:2      | Killed Crazy Yiuf
  3284 | D:5      | Entered Level 5 of the Dungeon
  3291 | D:5      | Reached XP level 7. HP: 55/55 MP: 7/9
  3347 | D:5      | Reached skill level 5 in Fighting
  3358 | D:5      | Reached * piety under Okawaru
  3443 | D:5      | Found a staircase to the Ecumenical Temple.
  3462 | Temple   | Entered the Ecumenical Temple
  3501 | D:5      | Noticed Ijyb
  3517 | D:5      | Killed Ijyb
  3660 | D:5      | Noticed Prince Ribbit
  3671 | D:5      | Killed Prince Ribbit
  3672 | D:5      | Gained mutation: You are partially covered in large bone
                  | plates. (SH +4) [demonic ancestry]
  3672 | D:5      | Reached XP level 8. HP: 43/63 MP: 10/10
  3816 | D:5      | Reached skill level 5 in Shields
  3822 | D:5      | Reached ** piety under Okawaru
  4075 | D:6      | Noticed a troll
  4088 | D:6      | Killed a troll
  4089 | D:6      | Reached skill level 6 in Fighting
  4317 | D:6      | Gained mutation: You sometimes gain power by taking damage.
                  | [demonic ancestry]
  4317 | D:6      | Reached XP level 9. HP: 69/70 MP: 12/12
  4417 | D:6      | Noticed Menkaure
  4425 | D:6      | Killed Menkaure
  4425 | D:6      | Reached *** piety under Okawaru
  4629 | D:6      | Found a hazy altar of Hepliaklqana.
  4885 | D:7      | Reached skill level 5 in Invocations
  4891 | D:7      | Reached skill level 5 in Axes
  4892 | D:7      | Reached skill level 7 in Fighting
  4921 | D:7      | Identified the +8 mace of the Ecumenical Temple {heavy,
                  | +Blink MP+9 Str+3}
  4948 | D:7      | Reached **** piety under Okawaru
  5035 | D:7      | Reached skill level 5 in Armour
  5052 | D:7      | Found an opulent altar of Gozag.
  5083 | D:7      | Found a broken altar of Ashenzari.
  5328 | D:7      | Noticed a deep elf zephyrmancer
  5333 | D:7      | Killed a deep elf zephyrmancer
  5334 | D:7      | Gained mutation: A meltable icy envelope protects you from
                  | harm. (AC +4) [demonic ancestry]
  5334 | D:7      | Reached XP level 10. HP: 79/79 MP: 14/14
  5368 | D:7      | Found a shimmering blue altar of Sif Muna.
  5635 | D:8      | Reached ***** piety under Okawaru
  5855 | D:8      | Reached skill level 8 in Fighting
  6320 | D:8      | Found a basalt altar of Yredelemnul.
  6350 | D:9      | Found a staircase to the Orcish Mines.
  6358 | D:9      | Noticed a manticore
  6361 | D:9      | Reached skill level 5 in Evocations
  6367 | Arena    | Entered the Arena
  6382 | Arena    | Killed a manticore
  6406 | D:9      | HP: 3/81 [orc priest/divine providence (16)]
  6407 | D:9      | Killed from afar by an orc priest

Illustrated notes

Levels and vault maps discovered:
D:1:      eino_arrival_tree_alley, layout_rooms
D:2:      layout_loops_corners, uniq_robin, uniq_crazy_yiuf_cottage
D:3:      layout_basic, serial_shops, nicolae_shop_real_fake_doors,
          dk_noncrumbling_3, uniq_sigmund
D:4:      layout_basic, okawaru_trees_2, nicolae_wu_jian_wuxing_cycle
D:5:      layout_rooms, minmay_temple_entry_antechambers, minmay_manual_maat,
          uniq_prince_ribbit1, uniq_ijyb
D:6:      layout_loops_ring, mainiacjoe_overflow_brackets, uniq_menkaure
D:7:      layout_rooms, kennysheep_orc_sif_temple, kennysheep_mini,
          nicolae_ashenzari_skybound, guppyfry_early_elven_hall
D:8:      layout_rooms, lemuel_zombie_altar_yredelemnul
D:9:      layout_gridville, mainiacjoe_overflow_six_doors_small,
          mainiacjoe_overflow_paths, erik_orc_4, serial_shops, shop_statue,
          grunt_ministairs_10
Temple:   nicolae_temple_two_arcs

Skill      XL: |  1  2  3  4  5  6  7  8  9 10 |
---------------+-------------------------------+-----
Axes           | 2 3 4 5 6 |  6.8
Shields        | 3 4 5 6 7 |  7.5
Invocations    | 1 2 3 4 5 6 |  6.7
Armour         | 3 4 5 |  5.6
Dodging        | 1 2 3 4 |  4.8
Fighting       | 4 5 6 7 8 |  8.4
Evocations     | 1 2 3 4 5 |  5.1

Action                     |  1- 3 |  4- 6 |  7- 9 | 10-12 || total
---------------------------+-------+-------+-------+-------++-------
  Melee: War axe           |   121 |   140 |   204 |   112 ||   577
 Invoke: Heroism           |       |       |       |     1 ||     1
         Duel              |       |       |       |     1 ||     1
  Evoke: Wand              |       |     3 |     7 |     1 ||    11
    Use: Scroll            |     2 |       |    15 |     4 ||    21
         Potion            |     2 |       |       |     1 ||     3
   Stab: Invisible         |       |       |       |     1 ||     1
 Armour: Scale mail        |    77 |    61 |    80 |    75 ||   293
         Skin              |    15 |     2 |       |       ||    17
  Dodge: Dodged            |    59 |    71 |    94 |   126 ||   350
  Block: Buckler           |    67 |   108 |   214 |   180 ||   569
         Reflection        |       |     1 |    14 |    10 ||    25

Table legend: (Time is in decaauts)
 A = Elapsed time spent in this place.
 B = Non-inter-level travel time spent in this place.
 C = Inter-level travel time spent in this place.
 D = Time resting spent in this place.
 E = Time spent auto-exploring this place.
 F = Levels seen in this place.
 G = Mean time per level.
                   A        B        C        D        E       F      G
               +--------+--------+--------+--------+--------+-----+--------+
         Total |   6612 |   6251 |    361 |    299 |   4284 |  11 |  601.1 |
       Dungeon |   6582 |   6221 |    361 |    288 |   4284 |   9 |  731.3 |
        Temple |      1 |      1 |      0 |      0 |      0 |   1 |    1.0 |
         Arena |     28 |     28 |      0 |     11 |      0 |   1 |   28.0 |
               +--------+--------+--------+--------+--------+-----+--------+

Top non-repeatable levels by time:
     D:2: 1283 daAuts
     D:3: 1049 daAuts
     D:7: 854 daAuts
     D:6: 827 daAuts
     D:5: 809 daAuts
     D:8: 661 daAuts
     D:4: 559 daAuts
     D:1: 502 daAuts
     D:9: 35 daAuts
   Arena: 28 daAuts
  Temple: 1 daAuts
